 Dungeon Crawl Stone Soup version 0.24.0-35-gdb84b6a5db (webtiles) character file.

Game seed: 14198312254167557194, levelgen mode: deterministic

34 Descartes the Skirmisher (level 3, 0/30 HPs)
             Began as a Formicid Abyssal Knight on Nov 18, 2019.
             Was a Follower of Lugonu.
             Succumbed to an adder's poison
             ... on level 2 of the Dungeon.
             The game lasted 00:02:15 (945 turns).

Descartes the Skirmisher (Formicid Abyssal Knight)   Turns: 945, Time: 00:02:16

Health: 0/30       AC:  3    Str: 16    XL:     3   Next: 50%
Magic:  4/4        EV: 11    Int: 12    God:    Lugonu [*.....]
Gold:   17         SH:  0    Dex: 10    Spells: 2/2 levels left

rFire    . . .     SeeInvis +   a - +1 hand axe
rCold    . . .     Gourm    .   (no shield)
rNeg     . . .     Faith    .   b - +0 leather armour
rPois    .         Spirit   .   (helmet unavailable)
rElec    .         Reflect  .   (no cloak)
rCorr    .         Harm     .   (no gloves)
MR       .....                  (no boots)
Stlth    +.........             (no amulet)
HPRegen  0.10/turn              (no ring)
MPRegen  0.09/turn              (no ring)

@: lethally poisoned (0 -> -2)
A: permanent stasis, dig shafts and tunnels, four strong arms, antennae 3
a: Dig, Shaft Self, Depart the Abyss, Renounce Religion


You were on level 2 of the Dungeon.
You worshipped Lugonu.
Lugonu was aware of your devotion.
You were not hungry.

You visited 1 branch of the dungeon, and saw 2 of its levels.
You visited the Abyss 1 time.

You collected 17 gold pieces.

Inventory:

Hand Weapons
 a - a +1 hand axe (weapon)
Missiles
 e - 8 datura-tipped darts (quivered)
 h - 30 stones
 i - 39 arrows
Armour
 b - a +0 leather armour (worn)
Jewellery
 g - an uncursed ring of protection from fire {unknown}
Scrolls
 d - 2 scrolls of remove curse {unknown}
 j - 4 scrolls of identify {unknown}
Comestibles
 c - 4 rations


   Skills:
 + Level 3.9 Fighting
 + Level 2.5 Axes
 + Level 2.8 Armour
 + Level 0.9 Dodging
 + Level 2.2 Invocations


You had 2 spell levels left.
You didn't know any spells.
Your spell library was empty.

Dungeon Overview and Level Annotations

Branches:
Dungeon (2/15)

Altars:


Innate Abilities, Weirdness & Mutations

You cannot be hasted, slowed, berserked, paralysed or teleported.
You can dig through walls and to a lower floor.
Your four strong arms can wield two-handed weapons with a shield.
You have a pair of large antennae on your head. (SInv)


Message History

a +0 club; a chunk of flesh; an adder skeleton
There is a lethal amount of poison in your body!
There is a lethal amount of poison in your body!
* * * LOW HITPOINT WARNING * * *
You feel sick.
* * * LOW HITPOINT WARNING * * *
You feel sick.
* * * LOW HITPOINT WARNING * * *
You feel sick.
* * * LOW HITPOINT WARNING * * *
You feel sick.
* * * LOW HITPOINT WARNING * * *
You feel sick.
* * * LOW HITPOINT WARNING * * *
You feel sick.
* * * LOW HITPOINT WARNING * * *
You feel sick.
* * * LOW HITPOINT WARNING * * *
You feel sick.
You die...

...=....# ..#
..#.....# ...
.#_#....# ..
..#.....#..
........#.
........[ #
#.....####.###
#......@<....#
#..#.#.###.#.#
# #.#.# #
#.#.# #.#.#
..#.# #.#.#
#....


There were no monsters in sight!

Vanquished Creatures
  An adder (D:2)
  2 dart slugs (D:1)
  3 bats (D:1)
  2 giant cockroaches (D:1)
  A goblin (D:1)
  3 hobgoblins
  2 frilled lizards (D:1)
  5 kobolds (D:1)
  2 rats
  4 toadstools (D:1)
25 creatures vanquished.

Vanquished Creatures (others)
  2 starspawn tentacles (Abyss:1)
2 creatures vanquished.

Grand Total: 27 creatures vanquished

Notes
Turn   | Place    | Note
-------+----------+-------------------------------------------
     0 | Abyss:1  | Descartes the Formicid Abyssal Knight began the quest for
                  | the Orb.
     0 | Abyss:1  | Reached XP level 1. HP: 18/18 MP: 2/2
    91 | Abyss:1  | Noticed a tentacled starspawn
    96 | Abyss:1  | Noticed a wight
    96 | Abyss:1  | Noticed a wight
    96 | Abyss:1  | Noticed a wight
    96 | Abyss:1  | Noticed a wight
   135 | Abyss:1  | Noticed a raiju
   139 | D:1      | Escaped the Abyss
   221 | D:1      | Reached XP level 2. HP: 24/24 MP: 3/3
   415 | D:1      | Reached * piety under Lugonu
   609 | D:1      | Reached XP level 3. HP: 27/30 MP: 4/4
   904 | D:2      | Found a faded altar of an unknown god.
   937 | D:2      | HP: 1/30 [poisoned by an adder]
   945 | D:2      | Succumbed to an adder's poison

Levels and vault maps discovered:
D:1:      ldierk_water_garden, layout_loops_ring
D:2:      layout_basic, chequers_ecumenical_altar_simple,
          kennysheep_generic_room_2, uniq_robin, uniq_natasha, uniq_sigmund

Action                   || total
-------------------------++-------
Melee: Hand axe          ||    66
Invok: Depart the Abyss  ||     1
Armor: Leather armour    ||    29
Dodge: Dodged            ||    58
